 Dungeon Crawl Stone Soup version 0.30-a0-347-gf58ed5266c (webtiles) character file.

Game seed: 3531821766425604328

1572 Lanoc the Schismatic (level 8, 0/63 (64) HPs)
             Began as a Demonspawn Reaver on Nov 6, 2022.
             Was an Elder of Lugonu.
             Slain by a mummy (13 damage)
             ... in an ossuary.
             The game lasted 00:12:25 (5285 turns).

Lanoc the Schismatic (Demonspawn Reaver)            Turns: 5285, Time: 00:12:25

HP:   0/63 (64)     AC: 16    Str: 13      XL:     8   Next: 59%
MP:   14/14         EV: 13    Int: 12 (14) God:    Lugonu [****..]
Gold: 401           SH:  0    Dex: 14      Spells: 8/11 levels left

rFire   . . .      SeeInvis .    a - +1 falchion
rCold   + . .      Faith    +    (no shield)
rNeg    . . .      Spirit   .    k - +3 leather armour
rPois   .          Reflect  .    (no helmet)
rElec   .          Harm     .    (no cloak)
rCorr   .          Rampage  .    t - +0 pair of gloves
Will    .....                    (no boots)
Stlth   +.........               h - amulet of faith
HPRegen 0.30/turn                (no ring)
MPRegen 0.14/turn                (no ring)

@: sanguine armoured, lightly drained
A: hooves 1, demonic guardian 1, ignite blood 1, sanguine armour 2, cold
resistance 1, deterioration 1
a: Renounce Religion, Depart the Abyss, Banish, Corrupt


You were in an ossuary.
You worshipped Lugonu.
Lugonu was greatly pleased with you.
You visited 2 branches of the dungeon, and saw 7 of its levels.
You also visited: Sewer and Ossuary.

You collected 401 gold pieces.

Inventory:

Hand Weapons
 a - a +1 falchion (weapon)
Armour
 k - a +3 leather armour (worn)
 t - a +0 pair of gloves (worn)
Jewellery
 h - an amulet of faith (around neck)
 s - an amulet of reflection
Wands
 b - a wand of iceblast (8)
 e - a wand of digging (5)
Scrolls
 c - a scroll of enchant armour
 d - 2 scrolls of amnesia
 f - 2 scrolls of blinking
 i - a scroll of identify
 m - a scroll of enchant weapon
 p - a scroll of silence
Potions
 j - a potion of lignification
 l - a potion of curing
 o - 4 potions of heal wounds
 q - a potion of berserk rage
 r - a potion of flight
 v - a potion of attraction
Miscellaneous
 g - a piece from Xom's chessboard (15/15)


   Skills:
 + Level 5.9 Fighting
 - Level 2.6 Long Blades
 + Level 5.3 Dodging
 - Level 2.0 Spellcasting
 - Level 4.0 Conjurations
 * Level 8.9 Invocations


You had 8 spell levels left.
You knew the following spells:

 Your Spells              Type           Power      Damage    Failure   Level
a - Kiss of Death         Conj/Necr      24%        2d7       16%         1
b - Momentum Strike       Conj/Tloc      12%        3d8       22%         2

Your spell library contained the following spells:

 Spells                   Type           Power      Damage    Failure   Level
 Magic Dart               Conj           40%        1d5       7%          1
 Searing Ray              Conj           20%        2d5       10%         2
 Apportation              Tloc           2%         N/A       34%         1
 Necrotise                Necr           4%         1d4       34%         1
 Summon Small Mammal      Summ           4%         N/A       34%         1
 Hailstorm                Conj/Ice       6%         3d4       41%         3
 Fulminant Prism          Conj/Hex       3%         3d5       83%         4


Dungeon Overview and Level Annotations

Branches:
Dungeon (6/15)             Temple (1/1) D:5           Sewer (visited)
Ossuary (1/1)

Altars:
Sif Muna
Trog
Lugonu


Innate Abilities, Weirdness & Mutations

You have large cloven feet.
A weak demonic guardian rushes to your aid.
Your demonic aura sometimes causes spilled blood to erupt in flames.
When seriously injured, your blood forms thick armour. (AC +9)
Your flesh is cold resistant. (rC+)
Your body sometimes deteriorates upon taking damage.


Message History

You hit the mummy but do no damage.
The mummy is severely damaged.
The mummy hits you!
Your body deteriorates!
You feel dopey.
Your blood congeals into armour.
The mummy hits you but does no damage. The mummy hits you!
You barely miss the mummy. You punch the mummy, but do no damage.
The mummy is severely damaged.
You hit the mummy. You kick the mummy.
You destroy the mummy!
Lugonu accepts your kill. The mummy hits you!
Your body deteriorates!
You feel dopey. The mummy hits you but does no damage.
You hit the mummy but do no damage. Your kick misses the mummy.
The mummy closely misses you.
You hit the mummy.
The mummy is lightly damaged.
The mummy hits you but does no damage.
You hit the mummy.
The mummy is moderately damaged.
The mummy closely misses you. x2
You barely miss the mummy. You kick the mummy.
The mummy is moderately damaged.
The mummy hits you but does no damage.
You slash the mummy! Your kick misses the mummy.
The mummy is severely damaged.
The mummy barely misses you.
You hit the mummy.
The mummy is almost destroyed.
The mummy closely misses you. x2
You hit the mummy but do no damage. You kick the mummy, but do no damage.
The mummy is almost destroyed.
The mummy hits you but does no damage.
You hit the mummy.
The mummy is almost destroyed.
The mummy hits you!
* * * LOW HITPOINT WARNING * * *
The mummy hits you!
You die...

#######
#@#.#.#
#MM...#
##...##
#.∩.#
#...#
#.∩.#
#...#
##+##


You could see 2 mummies.

Vanquished Creatures
  Sigmund (D:6)
  A wyvern (D:6)
  Edmund (D:3)
  An ice beast (D:5)
  An ogre (D:5)
  2 phantoms (D:5)
  2 necrophages
  4 bullfrogs
  A hound (D:4)
  A jelly (D:4)
  2 orc priests
  An iguana (D:5)
  An orc wizard (D:6)
  A mummy (Ossuary)
  A gnoll (D:1)
  6 adders
  An ufetubus (D:5)
  5 worms
  3 dart slugs
  15 orcs
  16 ball pythons
  20 endoplasms
  9 giant cockroaches
  4 goblins
  6 hobgoblins
  6 kobolds
  16 quokkas
  4 bats
  11 frilled lizards
  5 rats
148 creatures vanquished.

Vanquished Creatures (collateral kills)
  An orc wizard (D:6)
  An orc (D:6)
2 creatures vanquished.

Vanquished Creatures (others)
  3 demonic plants (D:3)
3 creatures vanquished.

Grand Total: 153 creatures vanquished

Notes
Turn   | Place    | Note
-------+----------+-------------------------------------------
     0 | D:1      | Lanoc the Demonspawn Reaver began the quest for the Orb.
     0 | D:1      | Reached XP level 1. HP: 16/16 MP: 3/3
   108 | D:1      | Gained mutation: When seriously injured, your blood forms
                  | armour. (AC +9) [demonic ancestry]
   108 | D:1      | Reached XP level 2. HP: 16/22 MP: 5/5
   385 | D:1      | You fall into a shaft and drop 1 floor!
   504 | D:1      | Gained mutation: When seriously injured, your blood forms
                  | thick armour. (AC +9) [demonic ancestry]
   504 | D:1      | Reached XP level 3. HP: 21/28 MP: 6/6
  1750 | D:3      | Reached XP level 4. HP: 21/31 MP: 7/7
  2446 | D:3      | Found a faded altar of an unknown god.
  2460 | D:3      | Learned a level 2 spell: Momentum Strike
  2463 | D:3      | Prayed at the altar of an unknown god.
  2463 | D:3      | Became a worshipper of Lugonu the Unformed
  2463 | D:3      | Reached * piety under Lugonu
  2463 | D:3      | Reached ** piety under Lugonu
  2776 | D:4      | Reached skill level 1 in Invocations
  2776 | D:4      | Gained mutation: Your demonic aura sometimes causes spilled
                  | blood to erupt in flames. [demonic ancestry]
  2776 | D:4      | Reached XP level 5. HP: 21/41 MP: 8/8
  2871 | D:4      | Noticed Edmund
  2901 | D:3      | Gained mutation: Your flesh is cold resistant. (rC+)
                  | [potion of mutation]
  2901 | D:3      | Gained mutation: Your body sometimes deteriorates upon
                  | taking damage. [potion of mutation]
  2913 | D:3      | Killed Edmund
  2914 | D:3      | Reached skill level 3 in Invocations
  2914 | D:3      | Gained mutation: You have large cloven feet. [demonic
                  | ancestry]
  2914 | D:3      | Reached XP level 6. HP: 4/47 MP: 9/9
  3104 | D:4      | Reached skill level 4 in Invocations
  3287 | D:4      | Noticed a moth of wrath
  3291 | D:4      | Found a bloodstained altar of Trog.
  3704 | D:5      | Entered Level 5 of the Dungeon
  3717 | D:5      | Reached skill level 5 in Invocations
  3717 | D:5      | Reached XP level 7. HP: 38/55 MP: 10/10
  3722 | D:5      | Learned a level 1 spell: Kiss of Death
  3771 | D:5      | Found a staircase to the Ecumenical Temple.
  3879 | D:5      | Reached skill level 6 in Invocations
  3888 | D:5      | Found a shimmering blue altar of Sif Muna.
  4010 | D:5      | Found a glowing drain.
  4038 | Sewer    | Entered a sewer
  4188 | Sewer    | Reached *** piety under Lugonu
  4465 | Sewer    | Reached skill level 5 in Fighting
  4471 | Sewer    | Reached skill level 7 in Invocations
  4629 | D:5      | Gained mutation: A weak demonic guardian rushes to your
                  | aid. [demonic ancestry]
  4629 | D:5      | Reached XP level 8. HP: 57/62 MP: 13/13
  5061 | Temple   | Entered the Ecumenical Temple
  5123 | D:6      | Reached **** piety under Lugonu
  5137 | D:6      | Reached skill level 5 in Dodging
  5137 | D:6      | Reached skill level 8 in Invocations
  5195 | D:6      | Noticed Sigmund
  5205 | D:6      | Killed Sigmund
  5249 | D:6      | Found a sand-covered staircase.
  5267 | Ossuary  | Entered an ossuary
  5285 | Ossuary  | Slain by a mummy

Illustrated notes

Levels and vault maps discovered:
D:1:      dpeg_arrival_houses_and_road, layout_basic, serial_bayou_pond_b,
          minivault_25
D:2:      layout_rooms
D:3:      layout_basic, basic_ecumenical_altar, dreamdust_princess_corridor,
          hangedman_decor_opposing
D:4:      layout_rooms, tgw_trog, uniq_edmund
D:5:      dreamdust_elfheim, layout_gridville, amcnicky_altar_gilded,
          minmay_temple_entry_sparse_star, cheibrodos_sewer_entry_bend,
          kennysheep_generic_room_8
D:6:      layout_basic, mainiacjoe_overflow_surrounded_room,
          nicolae_ossuary_entry_false_entrances, uniq_sigmund
Temple:   nicolae_temple_god_jail
Ossuary:  ossuary_minmay_chase

Skill      XL: |  1  2  3  4  5  6  7  8 |
---------------+-------------------------+-----
Dodging        | 2 3 4 5 |  5.3
Fighting       | 3 4 5 |  5.9
Conjurations   | 4 |  4.0
Invocations    | 1 3 5 7 8 |  8.9
Long Blades    | |  2.6
Spellcasting   | |  2.0

Action                   |  1- 3 |  4- 6 |  7- 9 || total
-------------------------+-------+-------+-------++-------
Melee: Falchion          |   164 |   196 |   312 ||   672
       Punch             |       |     1 |     2 ||     3
       Kick              |       |    28 |    83 ||   111
 Cast: Kiss of Death     |     1 |     2 |     1 ||     4
  Use: Potion            |       |     2 |       ||     2
       Scroll            |       |       |    16 ||    16
 Stab: Sleeping          |       |     2 |       ||     2
Armor: Leather armour    |    38 |    74 |   135 ||   247
Dodge: Dodged            |   107 |   112 |   235 ||   454
Block: Other             |       |    37 |    61 ||    98

Table legend: (Time is in decaauts)
 A = Elapsed time spent in this place.
 B = Non-inter-level travel time spent in this place.
 C = Inter-level travel time spent in this place.
 D = Time resting spent in this place.
 E = Time spent auto-exploring this place.
 F = Levels seen in this place.
 G = Mean time per level.
                   A        B        C        D        E       F      G
               +--------+--------+--------+--------+--------+-----+--------+
         Total |   5444 |   5022 |    422 |    231 |   3299 |   9 |  604.9 |
       Dungeon |   4845 |   4423 |    422 |    231 |   3069 |   6 |  807.5 |
        Temple |      1 |      1 |      0 |      0 |      0 |   1 |    1.0 |
         Sewer |    576 |    576 |      0 |      0 |    229 |   1 |  576.0 |
       Ossuary |     19 |     19 |      0 |      0 |      0 |   1 |   19.0 |
               +--------+--------+--------+--------+--------+-----+--------+

Top non-repeatable levels by time:
     D:1: 1102 daAuts
     D:3: 1084 daAuts
     D:5: 903 daAuts
     D:4: 833 daAuts
     D:2: 726 daAuts
   Sewer: 576 daAuts
     D:6: 194 daAuts
 Ossuary: 19 daAuts
  Temple: 1 daAuts
